 Dungeon Crawl Stone Soup version 0.18.1-47-g9310371 (webtiles) character file.

46 spiff the Shooter (level 3, 0/23 HPs)
             Began as a High Elf Arcane Marksman on June 23, 2016.
             Slain by an orc priest (3 damage)
             ... on level 3 of the Dungeon.
             The game lasted 00:03:43 (1717 turns).

spiff the Shooter (High Elf Arcane Marksman)        Turns: 1717, Time: 00:03:43

Health: 0/23       AC:  3    Str: 10    XL:     3   Next: 44%
Magic:  5/5        EV: 13    Int: 16    God:
Gold:   63         SH:  0    Dex: 16    Spells: 2 memorised, 1 level left

rFire  . . .     SeeInvis .     a - +0 shortbow
rCold  . . .     Gourm    .     b - +0 robe
rNeg   . . .     Faith    .     (shield currently unavailable)
rPois  .         Spirit   .     h - +0 helmet
rElec  .         Dismiss  .     (no cloak)
rCorr  .         Reflect  .     (no gloves)
SustAt .         Harm     .     (no boots)
MR     .....                    (no amulet)
Stlth  +.........               (no ring)
                                (no ring)

@: not resistant to hostile enchantments, very unstealthy
A: no striking features
a: no special abilities


You were on level 3 of the Dungeon.
You were hungry.

You visited 1 branch of the dungeon, and saw 3 of its levels.

You collected 63 gold pieces.

Inventory:

Hand Weapons
 a - a +0 shortbow (weapon)
 q - a +0 dagger of electrocution
Missiles
 d - 26 arrows (quivered)
Armour
 b - a +0 robe (worn)
 h - a +0 helmet (worn)
Scrolls
 e - a scroll of enchant weapon {unknown}
 g - a scroll of noise {unknown}
 i - 2 scrolls of identify {unknown}
 j - a scroll of amnesia {unknown}
 k - a scroll of magic mapping {unknown}
 o - a scroll of recharging {unknown}
Potions
 l - a potion of might {unknown}
 m - a potion of mutation {unknown}
Books
 c - a book of Debilitation

   Spells                             Type                      Level
   a - Corona                         Hexes                        1
   b - Slow                           Hexes                        2
   c - Gell's Gravitas                Hexes/Translocation          3
   d - Inner Flame                    Hexes/Fire                   3
   e - Cause Fear                     Hexes                        4
   f - Leda's Liquefaction            Hexes/Earth                  4
Comestibles
 f - 3 bread rations
 n - a meat ration
 p - a chunk of flesh


   Skills:
 - Level 1.0 Fighting
 - Level 5.1 Bows
 - Level 2.1 Dodging
 + Level 1.3 Spellcasting
 + Level 3.0 Hexes


You had one spell level left.
You knew the following spells:

 Your Spells              Type           Power        Failure   Level  Hunger
a - Corona                Hex            ##.....      10%         1    ##.....
s - Slow                  Hex            ##......     12%         2    ###....


Dungeon Overview and Level Annotations

Branches:
Dungeon (3/15)

Altars:
Zin


Message History

Firing (i - inventory):
d - 29 arrows (quivered)
Press: ? - help, Shift-Dir - straight line, f/p - orc priest
Aim: an orc priest, wearing a ring mail (severely wounded)
You shoot an arrow.
The arrow completely misses the orc priest.
The orc priest closely misses you. The orc hits you with a short sword.
Firing (i - inventory):
d - 28 arrows (quivered)
Press: ? - help, Shift-Dir - straight line, f/p - orc priest
Aim: an orc priest, wearing a ring mail (severely wounded)
You shoot an arrow.
The arrow closely misses the orc priest.
The orc priest hits you. The orc hits you with a short sword.
* * * LOW HITPOINT WARNING * * *
A bat comes into view.
Firing (i - inventory):
d - 27 arrows (quivered)
Press: ? - help, Shift-Dir - straight line, f/p - orc priest
Aim: an orc priest, wearing a ring mail (severely wounded)
You shoot an arrow. The arrow barely misses the orc priest.
The orc priest hits you.
You die...

#......#.#####
##.#####.# #...# #.#
# ###.###.# #.
#...#.# +.o ###
#####.#.# #..o #.#
#.....#.#
#...o##.####.###...#
...oo.....b.o@....##
###.#....o.#...#
#...#....(>##..#
#.###..#.((....# #o#
#....#.#...#
#.######.......#
#...#.#.....####
###o#.#####.#
#o#.#####.#


You could see an orc priest, an orc and a bat.

Vanquished Creatures
  2 adders (D:2)
  A dart slug (D:2)
  A giant gecko (D:1)
  An orc (D:3)
  3 bats
  2 giant cockroaches
  4 goblins (D:2)
  A hobgoblin (D:2)
  4 kobolds
  A quokka (D:2)
  2 ball pythons (D:1)
  A giant newt (D:1)
  A rat (D:2)
24 creatures vanquished.

Notes
Turn   | Place    | Note
--------------------------------------------------------------
     0 | D:1      | spiff the High Elf Arcane Marksman began the quest for the Orb.
     0 | D:1      | Reached XP level 1. HP: 13/13 MP: 3/3
    90 | D:1      | Reached skill level 3 in Bows
   528 | D:2      | Reached XP level 2. HP: 18/18 MP: 4/4
   563 | D:2      | Learned a level 2 spell: Slow
   609 | D:2      | Reached skill level 4 in Bows
   680 | D:2      | Reached XP level 3. HP: 18/23 MP: 3/5
  1193 | D:2      | Reached skill level 5 in Bows
  1376 | D:2      | Found a glowing silver altar of Zin.
  1717 | D:3      | Slain by an orc priest

Skill      XL: |  1  2  3 |
---------------+----------+-----
Bows           | 3 4 5 |  5.1
Fighting       | |  1.0
Dodging        | |  2.1
Spellcasting   | |  1.3
Hexes          | |  3.0

Action                   || total
-------------------------++-------
Melee: Dagger            ||    36
       Mace              ||     2
 Fire: Shortbow          ||    47
 Cast: Slow              ||     2
 Stab: Sleeping          ||     2
       Distracted        ||     1
  Eat: Chunk             ||     2
Armor: Robe              ||     6
Dodge: Dodged            ||    30
